 Dungeon Crawl Stone Soup version 0.26.1-11-gd32895ea62 (webtiles) character file.

Game seed: 8800340430150088092

1708 bigdumb the Cudgeller (level 8, -1/67 HPs)
             Began as a Demigod Wanderer on July 5, 2021.
             Slain by Menkaure (17 damage)
             ... on level 6 of the Dungeon.
             The game lasted 00:10:38 (7406 turns).

bigdumb the Cudgeller (Demigod Wanderer)            Turns: 7406, Time: 00:10:41

Health: -1/67      AC: 11    Str: 21 (22) XL:     8   Next: 45%
Magic:  10/10      EV:  8    Int: 14      God:
Gold:   262        SH:  0    Dex: 14      Spells: 6/7 levels left

rFire    . . .     SeeInvis .   a - +2 mace
rCold    + + .     Faith    .   (no shield)
rNeg     . . .     Spirit   .   h - +0 chain mail
rPois    .         Reflect  .   (no helmet)
rElec    .         Harm     .   g - +0 cloak
rCorr    .         Rampage  .   (no gloves)
Will     .....                  (no boots)
Stlth    ..........             (no amulet)
HPRegen  0.21/turn              e - +4 ring of slaying
MPRegen  0.12/turn              t - ring of flight

@: mighty
A: cold resistance 2, deterioration 1, high mp 1
a: Evoke Flight


You were on level 6 of the Dungeon.
You visited 1 branch of the dungeon, and saw 6 of its levels.
You also visited: Sewer.

You collected 262 gold pieces.

Inventory:

Hand Weapons
 a - a +2 mace (weapon)
Armour
 c - a +0 ring mail
 g - a +0 cloak (worn)
 h - a +0 chain mail (worn)
Jewellery
 e - a +4 ring of slaying (left hand)
 t - a ring of flight (right hand)
Wands
 j - a wand of digging (5)
 k - a wand of flame (46)
 n - a wand of polymorph (10)
Scrolls
 b - 6 scrolls of remove curse
 d - 9 scrolls of identify
 f - 2 scrolls of teleportation
 i - 2 scrolls of enchant weapon {unknown}
 l - a scroll of enchant armour {unknown}
 s - a scroll of immolation {unknown}
 u - a scroll of acquirement {unknown}
Potions
 m - 2 potions of cancellation
 o - a potion of might
 p - 2 potions of curing {unknown}
 q - a potion of degeneration {unknown}
 r - a potion of attraction {unknown}


   Skills:
 + Level 4.5 Fighting
 + Level 7.6 Maces & Flails
 - Level 1.0 Throwing
 + Level 5.2 Armour
 + Level 1.5 Dodging
 - Level 1.0 Stealth
 + Level 2.6 Hexes


You had 6 spell levels left.
You knew the following spells:

 Your Spells              Type           Power        Failure   Level
b - Corona                Hex            7%           63%         1

Your spell library contained the following spells:

 Spells                   Type           Power        Failure   Level
 Ensorcelled Hibernation  Hex/Ice        6%           91%         2
 Magic Dart               Conj           0%           94%         1
 Shock                    Conj/Air       0%           94%         1
 Confusing Touch          Hex            7%           94%         3
 Tukima's Dance           Hex            7%           94%         3
 Passwall                 Tmut/Erth      0%           98%         2
 Searing Ray              Conj           0%           98%         2
 Swiftness                Air            0%           98%         2
 Dazzling Flash           Conj/Hex       6%           99%         3
 Conjure Flame            Conj/Fire      0%           100%        3
 Fulminant Prism          Conj/Hex       1%           100%        4
 Iskenderun's Mystic Bla  Conj/Tloc      0%           100%        4
 Passage of Golubria      Tloc           N/A          100%        4
 Lee's Rapid Deconstruct  Erth           0%           100%        5
 Invisibility             Hex            7%           100%        6


Dungeon Overview and Level Annotations

Branches:
Dungeon (6/15)              Sewer (visited)
 Temple: D:4-7

Annotations:
D:6 Menkaure


Innate Abilities, Weirdness & Mutations

You have an increased reservoir of magic. (+10% MP)
Your flesh is very cold resistant. (rC++)
Your body sometimes deteriorates upon taking damage.


Message History

You are too injured to fight recklessly!
You are too injured to fight recklessly!
You are too injured to fight recklessly!
You are too injured to fight recklessly!
You are too injured to fight recklessly!
You are too injured to fight recklessly!
You are too injured to fight recklessly!
You are too injured to fight recklessly!
You are too injured to fight recklessly!
It was a potion of might.
You feel very mighty all of a sudden.
Menkaure gestures at you while chanting.
You struggle to resist.
You sock Menkaure!
Menkaure is almost destroyed.
Menkaure hits you!
* * * LOW HITPOINT WARNING * * *
Menkaure rustles in an indecipherable tongue.
Menkaure hits you!
You die...

. ### . ##.. . .#.# .
.$# . ..# .# #B#
.###### #M# ......#
#@# ......# #.# #
......# ##### #$# .#
......###..(# #.# ..
..).....#...####.#.###
........#...#........#
...##...#.....#.######
.................#
...........#<..###


You could see Menkaure (fast) and a worker ant.

Vanquished Creatures
  Grinder (D:3)
  Eustachio (D:6)
  2 water moccasins
  An ice beast (D:6)
  A phantom (D:5)
  3 ogres (D:5)
  A bullfrog (D:6)
  2 scorpions (D:5)
  A howler monkey (D:5)
  A gnoll shaman (D:5)
  A hound (D:5)
  An orc priest (D:3)
  Crazy Yiuf (D:2)
  A bullfrog skeleton (D:5)
  Terence (D:2)
  An iguana (D:6)
  A worker ant (D:6)
  A hound skeleton (D:4)
  A worker ant zombie (D:5)
  5 gnolls (D:5)
  8 adders
  2 white imps
  An ooze (D:5)
  4 worms
  2 dart slugs (D:1)
  3 leopard geckos
  19 orcs
  3 giant cockroaches
  12 goblins
  17 hobgoblins
  11 jackals
  3 quokkas
  3 ball pythons
  A ball python skeleton (D:4)
  12 bats
  3 frilled lizards
  5 kobolds
  10 rats
147 creatures vanquished.

Notes
Turn   | Place    | Note
-------+----------+-------------------------------------------
     0 | D:1      | bigdumb the Demigod Wanderer began the quest for the Orb.
     0 | D:1      | bigdumb set off with the following items: a +2 mace, a +0
                  | ring mail; and the following spell memorised: Shock; and
                  | the following spells available to memorise: Conjure Flame
     0 | D:1      | Reached XP level 1. HP: 17/17 MP: 3/3
     1 | D:1      | Found a glowing silver altar of Zin.
   119 | D:1      | Reached skill level 2 in Maces & Flails
   198 | D:1      | Reached XP level 2. HP: 18/24 MP: 4/4
  1140 | D:2      | Reached XP level 3. HP: 29/29 MP: 5/5
  1301 | D:2      | Reached skill level 3 in Maces & Flails
  1484 | D:2      | Noticed Terence
  1492 | D:2      | Killed Terence
  1493 | D:2      | Reached XP level 4. HP: 32/37 MP: 6/6
  1642 | D:2      | Found a runed translucent door.
  1643 | D:2      | Noticed Crazy Yiuf
  1989 | D:2      | Killed Crazy Yiuf
  2610 | D:3      | Reached XP level 5. HP: 42/44 MP: 7/7
  2702 | D:3      | Learned a level 1 spell: Corona
  2874 | D:3      | Found a glowing drain.
  2895 | Sewer    | Entered a sewer
  2943 | Sewer    | Noticed a water moccasin
  2956 | Sewer    | Gained mutation: Your flesh is cold resistant. (rC+)
                  | [potion of mutation]
  2956 | Sewer    | Gained mutation: Your body sometimes deteriorates upon
                  | taking damage. [potion of mutation]
  2956 | Sewer    | Gained mutation: Your flesh is very cold resistant. (rC++)
                  | [potion of mutation]
  2960 | Sewer    | Killed a water moccasin
  2961 | Sewer    | Reached skill level 4 in Maces & Flails
  2961 | Sewer    | Reached skill level 1 in Dodging
  2961 | Sewer    | Reached XP level 6. HP: 8/51 MP: 8/8
  3618 | D:3      | Noticed Grinder
  3631 | D:3      | Paralysed by something for 2 turns
  3962 | D:3      | Paralysed by Grinder for 5 turns
  3970 | D:3      | Killed Grinder
  4105 | D:3      | Reached skill level 5 in Maces & Flails
  4518 | D:5      | Entered Level 5 of the Dungeon
  4690 | D:5      | Reached XP level 7. HP: 42/57 MP: 9/9
  5597 | D:5      | Reached skill level 6 in Maces & Flails
  6564 | D:5      | Reached XP level 8. HP: 66/66 MP: 10/10
  6617 | D:5      | Reached skill level 7 in Maces & Flails
  6881 | D:6      | Noticed Eustachio
  6910 | D:6      | Killed Eustachio
  6911 | D:6      | Reached skill level 5 in Armour
  7399 | D:6      | Noticed Menkaure
  7406 | D:6      | Slain by Menkaure

Illustrated notes

Levels and vault maps discovered:
D:1:      sevenhm_arrival_forest_fort_small_6, layout_basic
D:2:      layout_loops_ring, serial_glass, glass_columns_a, glass_columns_b,
          kennysheep_boxes, uniq_terence, uniq_crazy_yiuf_cottage
D:3:      layout_loops_ring, portal_sewer_entry_b, uniq_grinder
D:4:      corexii_shack_village, layout_basic, hangedman_decor_points
D:5:      layout_loops_cross
D:6:      layout_basic, kennysheep_slug_shrine, minmay_temple_entry_fiery,
          uniq_menkaure, uniq_eustachio

Skill      XL: |  1  2  3  4  5  6  7  8 |
---------------+-------------------------+-----
Maces & Flails | 2 3 4 5 6 7 |  7.6
Fighting       | 2 3 4 |  4.5
Armour         | 2 3 4 5 |  5.2
Dodging        | 1 |  1.5
Throwing       | |  1.0
Stealth        | |  1.0
Hexes          | |  2.6

Action                   |  1- 3 |  4- 6 |  7- 9 || total
-------------------------+-------+-------+-------++-------
Melee: Mace              |    95 |   173 |   175 ||   443
 Cast: Shock             |     2 |       |       ||     2
  Use: Potion            |     2 |     7 |     1 ||    10
       Scroll            |     1 |     3 |       ||     4
Armor: Ring mail         |    14 |       |       ||    14
       Chain mail        |    31 |   138 |   139 ||   308
Dodge: Dodged            |    44 |   103 |    95 ||   242
